 Dungeon Crawl Stone Soup version 0.31.0-10-gcf4a605ca0 (webtiles) character file.

Game seed: 13820104945099597188

10549 ymhsbmbesitwf the Cleaver (level 11, -2/93 HPs)
             Began as a Formicid Fighter on Jan 25, 2024.
             Was a Believer of the Shining One.
             Slain by a troll (12 damage)
             ... on level 11 of the Dungeon.
             The game lasted 00:21:18 (8398 turns).

ymhsbmbesitwf the Cleaver (Formicid Fighter)        Turns: 8398, Time: 00:21:18

Health: -2/93      AC:  0    Str: 25    XL:     11   Next: 95%
Magic:  11/11      EV: 22    Int:  8    God:    the Shining One [**....]
Gold:   185        SH:  5    Dex: 18    Spells: 10/10 levels left

rFire   . . .        a - melded +11 hand axe "Impslayer" {protect, Int+4 Stlth+}
rCold   . . .        c - melded +0 buckler
rNeg    + . .        G - melded +0 plate armour
rPois   .            (helmet unavailable)
rElec   .            x - melded +2 cloak
rCorr   .            O - melded +0 pair of gloves
SInv    .            K - melded +2 pair of boots
Will    +....        m - amulet of reflection
Stlth   +            h - melded +5 ring of evasion
HPRegen 0.35/turn    J - melded +4 ring of slaying
MPRegen 0.12/turn

%: reflection
@: bat-form, flying, glowing, very quick
A: fast, flying, no casting, permanent stasis, dig shafts and tunnels, tiny,
(antennae 3), four strong arms
a: Renounce Religion, Divine Shield


You were on level 11 of the Dungeon.
You worshipped the Shining One.
The Shining One was pleased with you.
You were a bat.
You visited 2 branches of the dungeon, and saw 12 of its levels.

You collected 357 gold pieces.
You spent 172 gold pieces at shops.

Inventory:

Hand Weapons
 a - the +11 hand axe "Impslayer" (melded) {protect, Int+4 Stlth+}
   (You found it on level 4 of the Dungeon)

   Int+4:     It affects your intelligence (+4).
   Stlth+:    It makes you more stealthy.
 I - a +3 trident of freezing
 L - a +3 dire flail
Missiles
 s - 4 throwing nets
Armour
 c - a +0 buckler (melded)
 x - a +2 cloak (melded)
 G - a +0 plate armour (melded)
 K - a +2 pair of boots (melded)
 O - a +0 pair of gloves (melded)
Jewellery
 h - a +5 ring of evasion (melded)
 k - a ring of wizardry
 m - an amulet of reflection (around neck)
 o - a ring of protection from cold
 z - a ring of positive energy
 H - a +5 ring of evasion
 J - a +4 ring of slaying (melded)
Wands
 b - a wand of polymorph (4)
 i - a wand of paralysis (15)
 B - a wand of quicksilver (8)
Scrolls
 g - a scroll of blinking {unknown}
 p - 3 scrolls of fear
 u - a scroll of vulnerability {unknown}
 v - 3 scrolls of immolation
 w - a scroll of fog {unknown}
 y - 3 scrolls of enchant weapon {unknown}
 D - 2 scrolls of revelation
 E - a scroll of amnesia {unknown}
 F - a scroll of poison {unknown}
 N - a scroll of enchant armour {unknown}
Potions
 d - 4 potions of might
 e - a potion of magic {unknown}
 f - 4 potions of lignification
 j - 4 potions of heal wounds
 l - a potion of enlightenment {unknown}
 n - 5 potions of curing
 q - 2 potions of resistance {unknown}
 r - 2 potions of mutation {unknown}
 t - 2 potions of brilliance {unknown}
 A - a potion of attraction {unknown}
 C - 2 potions of cancellation {unknown}
 M - a potion of invisibility {unknown}


   Skills:
 + Level 11.1 Fighting
 + Level 11.7 Axes
 + Level 7.4 Armour
 - Level 5.0 Dodging
 + Level 8.5 Shields


You had 10 spell levels left.
You didn't know any spells.
Your spell library contained the following spells:

 Spells                   Type           Power      Damage    Failure   Level
 Apportation              Tloc           0%         N/A       41%         1
 Necrotise                Necr           0%         1d4       41%         1
 Sandblast                Erth           0%         2d4       41%         1
 Sting                    Conj/Alch      0%         1d3       41%         1
 Summon Small Mammal      Summ           0%         N/A       41%         1
 Lesser Beckoning         Tloc           0%         N/A       54%         2
 Gell's Gravitas          Tloc           0%         N/A       78%         3
 Hailstorm                Conj/Ice       0%         3d5       78%         3
 Passwall                 Erth           0%         N/A       78%         3
 Stone Arrow              Conj/Erth      0%         3d7       78%         3
 Summon Ice Beast         Ice/Summ       0%         N/A       78%         3
 Teleport Other           Tloc           0%         N/A       78%         3
 Brom's Barrelling Bould  Conj/Erth      0%         2d3       99%         4
 Alistair's Intoxication  Alch           0%         N/A       100%        5
 Borgnjor's Vile Clutch   Necr/Erth      0%         N/A       100%        5
 Eringya's Noxious Bog    Alch           0%         4d6       100%        6
 Sculpt Simulacrum        Ice/Alch       0%         N/A       100%        6


Dungeon Overview and Level Annotations

Branches:
Dungeon (11/15)            Temple (1/1) D:6
   Lair: D:8-11         Orc: D:9-12

Altars:
Ashenzari
Cheibriados
Dithmenos
Elyvilon
Fedhas
Gozag
Hepliaklqana
Kikubaaqudgha
Makhleb
Nemelex Xobeh
Okawaru
Qazlal
Ru
Sif Muna
Trog
Uskayaw
Vehumet
Wu Jian
Xom
Yredelemnul
Zin
The Shining One

Shops:
D:4 *


Innate Abilities, Weirdness & Mutations

You are a bat.
You are tiny and dextrous.
You move quickly.
You are flying.
Your equipment is almost entirely melded.
You are incapable of wielding weapons or throwing items.
You cannot cast spells.
You cannot be hasted, slowed, berserked, paralysed or teleported.
You can dig through walls and to a lower floor.
((You have a pair of large antennae on your head. (SInv)))
Your four strong arms can wield two-handed weapons with a shield.


Message History

You bite Psyche!
Psyche is almost dead.
Psyche completely misses you. The troll misses you. The troll claws you!
You block the troll's attack.
You bite Psyche!
You kill Psyche!
The troll bites you. The troll barely misses you. You block the troll's attack.
A kobold brigand comes into view.
It is wielding a +0 whip and quivering poisoned darts.
The kobold brigand shouts!
You hit the centaur.
The centaur is moderately wounded.
You hear a shout!
The centaur hits you. The centaur misses you. The troll misses you.
The troll closely misses you. The troll misses you.
You bite the centaur!
The centaur is heavily wounded.
The centaur barely misses you. You block the centaur's attack.
You bite the centaur!
You kill the centaur!
The troll misses you. The troll claws you! The troll misses you.
You hit the troll but do no damage. The troll completely misses you.
The troll misses you. You block the troll's attack.
You hit the troll.
The troll is lightly wounded.
The troll bites you!! The troll misses you. x2
You bite the troll!
The troll is moderately wounded.
You hit the troll.
The troll is moderately wounded.
You block the troll's attack. The troll barely misses you.
The troll misses you.
You hit the troll.
The troll is moderately wounded.
The troll bites you!!
* * * LOW HITPOINT WARNING * * *
You block the troll's attack. The troll completely misses you.
You hit the troll.
The troll is moderately wounded.
The troll bites you!
You die...

#.# ##...## #.# .....,
#.# #>..# #.# #...###..
#.# #..K...
#<########..#
#.......†.T)#
###########K##########.
#TWTb........
#############


You could see 2 trolls, a wraith and a kobold brigand.

Vanquished Creatures
  Erolcha (D:9)
  A two-headed ogre (D:11)
  Erica (D:8)
  Harold (D:9)
  The ghost of Torious the Destroyer, a novice DECj of Sif Muna (D:10)
  Pikel (D:6)
  Maurice (D:7)
  Joseph (D:7)
  Jeremiah (D:6)
  Psyche (D:11)
  Grinder (D:3)
  Sigmund (D:5)
  A vampire (D:10)
  9 yaks
  2 acid dragons (D:10)
  2 orc warriors
  4 centaurs
  An ogre (D:5)
  2 lemures (D:6)
  The ghost of Ijustatesigmund the Digger, an amateur GrEE (D:3)
  A phantom (D:5)
  2 kobold brigands
  A bullfrog (Temple)
  A scorpion (D:6)
  9 wights
  10 killer bees
  6 howler monkeys
  2 quasits (D:8)
  3 hounds
  3 jellies
  2 sleepcaps
  Crazy Yiuf (D:4)
  9 orc priests
  A gnoll bouda (D:6)
  Ijyb (D:3)
  7 orc wizards
  3 iguanas
  10 adders
  23 gnolls
  3 shadow imps (D:8)
  3 white imps (D:8)
  3 ufetubi
  3 ribbon worms
  A dart slug (D:5)
  19 orcs
  5 endoplasms
  2 giant cockroaches
  8 hobgoblins
  5 jackals
  9 quokkas
  5 ball pythons
  3 bats
  4 frilled lizards
  3 goblins
  17 kobolds
  12 rats
234 creatures vanquished.

Vanquished Creatures (others)
  A deep elf pyromancer (D:10)
1 creature vanquished.

Grand Total: 235 creatures vanquished

Notes
Turn   | Place    | Note
-------+----------+-------------------------------------------
     0 | D:1      | ymhsbmbesitwf the Formicid Fighter began the quest for the
                  | Orb.
     0 | D:1      | Reached XP level 1. HP: 18/18 MP: 1/1
    50 | D:1      | Found a faded altar of an unknown god.
   248 | D:1      | Reached XP level 2. HP: 24/24 MP: 2/2
   622 | D:2      | Reached XP level 3. HP: 30/30 MP: 3/3
   638 | D:2      | Reached skill level 1 in Dodging
   789 | D:2      | Reached XP level 4. HP: 37/37 MP: 4/4
  1113 | D:2      | Reached XP level 5. HP: 26/42 MP: 5/5
  1352 | D:3      | Found a runed translucent door.
  1372 | D:3      | Noticed Ijustatesigmund's ghost (amateur GrEE)
  1389 | D:3      | Killed Ijustatesigmund's ghost
  1390 | D:3      | Reached XP level 6. HP: 12/49 MP: 6/6
  1556 | D:3      | Noticed Ijyb
  1566 | D:3      | Killed Ijyb
  1651 | D:3      | Noticed Grinder
  1668 | D:3      | Killed Grinder
  1669 | D:3      | Reached skill level 5 in Fighting
  1669 | D:3      | Reached skill level 5 in Axes
  1669 | D:3      | Reached XP level 7. HP: 48/56 MP: 7/7
  1953 | D:3      | Found a glowing silver altar of Zin.
  2105 | D:4      | Identified the +5 short sword of Ruination {freeze, rN+}
  2337 | D:4      | Found Umucwyps's Assorted Antiques.
  2354 | D:4      | Bought a scroll labelled ETWUAC UTTIARCH for 25 gold pieces
  2354 | D:4      | Bought a scroll labelled JED VABLYXEQOMN for 25 gold pieces
  2354 | D:4      | Bought a scroll labelled QOFO VIMEP for 25 gold pieces
  2463 | D:4      | Identified the +11 hand axe "Impslayer" {protect, Int+4
                  | Stlth+}
  2681 | D:4      | Found a runed translucent door.
  2682 | D:4      | Noticed Crazy Yiuf
  2688 | D:4      | Killed Crazy Yiuf
  2749 | D:4      | Bought a scroll labelled XECANE BAUQEO for 25 gold pieces
  2763 | D:5      | Entered Level 5 of the Dungeon
  2783 | D:5      | Reached XP level 8. HP: 62/64 MP: 8/8
  2910 | D:5      | Reached skill level 5 in Shields
  2925 | D:5      | Noticed Sigmund
  2937 | D:5      | Killed Sigmund
  3361 | D:6      | Found a white marble altar of Elyvilon.
  3400 | D:6      | Noticed Jeremiah
  3419 | D:6      | Became a worshipper of Elyvilon the Healer
  3445 | D:6      | Killed Jeremiah
  3446 | D:6      | Reached XP level 9. HP: 35/72 MP: 9/9
  4066 | D:6      | Noticed Pikel
  4080 | D:6      | Killed Pikel
  4081 | D:6      | Reached skill level 10 in Axes
  4081 | D:6      | Reached XP level 10. HP: 58/83 MP: 10/10
  4206 | D:6      | Found a staircase to the Ecumenical Temple.
  4224 | Temple   | Entered the Ecumenical Temple
  4330 | D:6      | Reached * piety under Elyvilon
  4604 | D:4      | Bought a scroll labelled RIOROJ GAHAC for 25 gold pieces
  4604 | D:4      | Bought a fuming orange potion for 22 gold pieces
  4604 | D:4      | Bought a scroll labelled RIOROJ GAHAC for 25 gold pieces
  4773 | D:7      | Noticed Maurice
  4782 | D:7      | Maurice stole a ring of positive energy
  4788 | D:7      | Killed Maurice
  4812 | D:7      | Noticed Joseph
  4828 | D:7      | Killed Joseph
  5192 | D:7      | Reached skill level 5 in Armour
  5264 | D:7      | Found an opulent altar of Gozag.
  5584 | D:8      | Reached ** piety under Elyvilon
  5713 | D:8      | Noticed Erica
  5722 | D:8      | Killed Erica
  5723 | D:8      | Reached skill level 10 in Fighting
  5730 | D:8      | Reached XP level 11. HP: 40/90 MP: 11/11
  5970 | D:9      | Noticed Erolcha
  5984 | D:9      | Killed Erolcha
  6495 | D:9      | Found a glowing golden altar of the Shining One.
  6503 | D:9      | Fell from the grace of Elyvilon
  6503 | D:9      | Became a worshipper of the Shining One
  6503 | D:9      | Reached * piety under the Shining One
  6602 | D:9      | Noticed Harold
  6620 | D:9      | Killed Harold
  6639 | D:9      | Found an ornate altar of the Wu Jian Council.
  6754 | D:9      | Found a shimmering blue altar of Sif Muna.
  7020 | D:9      | Found a shimmering altar of Xom.
  7023 | D:9      | Found a sacrificial altar of Ru.
  7025 | D:9      | Found a basalt altar of Yredelemnul.
  7228 | D:10     | Entered Level 10 of the Dungeon
  7294 | D:10     | Reached ** piety under the Shining One
  7660 | D:10     | Noticed a deep elf pyromancer
  7675 | D:10     | Killed a deep elf pyromancer
  7842 | D:10     | Found a runed translucent gate.
  7842 | D:10     | Found a runed translucent gate.
  7842 | D:10     | Found a runed translucent gate.
  7843 | D:10     | Noticed Torious's ghost (novice DECj)
  7857 | D:10     | Killed Torious's ghost
  7858 | D:10     | Reached skill level 5 in Dodging
  8370 | D:11     | Noticed a two-headed ogre
  8370 | D:11     | Noticed Psyche
  8379 | D:11     | Killed a two-headed ogre
  8384 | D:11     | Killed Psyche
  8398 | D:11     | Slain by a troll

Illustrated notes

Levels and vault maps discovered:
D:1:      dpeg_arrival_arbitrary_c, layout_basic,
          shapermc_ecumenical_altar_ellora
D:2:      layout_rooms, minmay_rat_gold_closets
D:3:      layout_loops_ring, zin_treasury, ebering_ghost_reflecting_pool,
          uniq_ijyb, uniq_grinder
D:4:      layout_rooms, serial_shops, nicolae_shop_overgrown_old_shop,
          uniq_crazy_yiuf_cottage
D:5:      layout_rooms, kennysheep_generic_room_2, uniq_sigmund
D:6:      layout_loops_corners, mainiacjoe_overflow_chevrons, temple_pool_b,
          uniq_jeremiah, uniq_pikel
D:7:      layout_loops_ring, nicolae_gozag_seed_capital, uniq_joseph,
          uniq_maurice
D:8:      layout_gridville, serial_demonic, serial_demonic_e, serial_demonic_b,
          serial_demonic_f, serial_demonic_f, uniq_erica
D:9:      layout_stronghold, marbit_many_paths, mainiacjoe_overflow_paths,
          mainiacjoe_overflow_cross_hatched,
          gammafunk_temple_overflow_forgotten, uniq_harold, uniq_erolcha
D:10:     layout_cave_pods, ebering_ghost_rock_garden, minmay_misc_feat_five,
          dk_noncrumbling_2
D:11:     minmay_the_grid_four_pointed_star
          [minmay_the_grid_triangle_9x9_negative_grid,
          minmay_the_grid_triangle_9x9_thin_v,
          minmay_the_grid_triangle_9x9_empty,
          minmay_the_grid_triangle_9x9_stretched_checkered,
          minmay_the_grid_prize_big_room], layout_loops_ring,
          erik_lair_orcish_takeover, orc_0_dummy, nicolae_water_bricks,
          uniq_psyche, uniq_fannar
Temple:   dshaligram_water_room_temple

Skill      XL: |  1  2  3  4  5  6  7  8  9 10 11 |
---------------+----------------------------------+-----
Fighting       | 4 5 6 7 9 10 11 | 11.1
Dodging        | 1 2 3 5 |  5.0
Axes           | 3 4 5 6 8 10 11 | 11.7
Shields        | 5 6 8 |  8.5
Armour         | 4 5 7 |  7.4

Action                     |  1- 3 |  4- 6 |  7- 9 | 10-12 || total
---------------------------+-------+-------+-------+-------++-------
  Melee: War axe           |    81 |   144 |    48 |       ||   273
         Hand axe          |       |       |   153 |   275 ||   428
         Unarmed           |       |       |       |    13 ||    13
    Use: Scroll            |       |       |       |     8 ||     8
 Armour: Scale mail        |    36 |    26 |       |       ||    62
         Chain mail        |       |    18 |    91 |    35 ||   144
         Skin              |       |     5 |       |     7 ||    12
         Plate armour      |       |       |       |    75 ||    75
  Dodge: Dodged            |    53 |    65 |    92 |   126 ||   336
  Block: Buckler           |    29 |    78 |    97 |   117 ||   321
         Reflection        |     1 |       |     1 |     9 ||    11
         Other             |       |       |       |     6 ||     6
